AoeStats
← RespectTheRussell

Migration

509420202Analyzed
1v1 RM · 4d ago on Sep 26, 2026· 33m 54s· 2 players
Game mode
Random Map
Map size
132×132
Population
200
Speed
Normal
Resources
Standard
Victory
Conquest
Starting age
Dark Age
Ending age
Imperial Age
RankedLock teamsTeams togetherTeam positionsShared explorationLock speedFull tech treeHidden civsTurbo modeCheats
Victory
Defeat
🇺🇸 Celts · United States
1259
+15
🇲🇽 Jurchens · Mexico
1234
-15
[BMAC] Jaco_boo
12:00 Feudal Age
13:46 Double-Bit Axe
16:28 Castle Age
14:12 Horse Collar
15:11 Fletching
15:20 Gold Mining
15:48 Town Watch
15:51 Loom
15:57 Town Watch
16:48 Wheelbarrow
17:37 Medium Warships
19:33 Padded Archer Armor
20:16 Bow Saw
20:50 Gold Shaft Mining
26:58 Bodkin Arrow
RespectTheRussell
12:22 Feudal Age
11:28 Loom
12:48 Fishing Lines
14:04 Wheelbarrow
13:20 Double-Bit Axe
18:00 Castle Age
16:27 Forging
17:53 Loom
18:37 Gillnets
19:29 Medium Warships
19:27 Gold Mining
21:22 Iron Casting
22:22 Hand Cart
26:55 Imperial Age
25:04 Careening
25:09 Clinker Construction
26:39 Town Watch
30:46 Heavy Warships
31:49 Blast Furnace
33:28 Scale Mail Armor
Connection lost

Rejoining the realm…

Still unreachable

The connection could not be restored.

Session expired

The server has moved on; the page needs a fresh start.